 Dungeon Crawl Stone Soup version 0.28-a0-178-ga708605c5b (webtiles) character file.

Game seed: 17801388695671995091

257 lunkers the Magician (level 6, -4/46 HPs)
             Began as a Djinni Air Elementalist on Aug 17, 2021.
             Slain by a kobold brigand (7 damage)
             ... on level 3 of the Dungeon.
             The game lasted 00:05:24 (4193 turns).

lunkers the Magician (Djinni Air Elementalist)      Turns: 4193, Time: 00:05:24

Health: -4/46      AC:  2    Str:  7    XL:     6   Next: 39%
Gold:   196        EV: 12    Int: 18    God:
                   SH:  0    Dex: 14

rFire   + + .      SeeInvis .   j - +1 dagger (venom)
rCold   x . .      Faith    .   (no shield)
rNeg    . . .      Spirit   .   a - +0 robe
rPois   ∞          Reflect  .   (no helmet)
rElec   .          Harm     .   (no cloak)
rCorr   .          Rampage  .   (no gloves)
Will    .....                   (boots unavailable)
Stlth   ++........              (no amulet)
HPRegen 0.15/turn               (no ring)
MPRegen 0.00/turn               (no ring)

@: flying, very slightly contaminated
A: sickness immunity, fire resistance 2, cold vulnerability 1, float, innate
caster, hp casting, extra vitality 1
a: no special abilities


You were on level 3 of the Dungeon.
You visited 1 branch of the dungeon, and saw 3 of its levels.

You collected 196 gold pieces.

Inventory:

Hand Weapons
 b - a +0 quarterstaff
 g - a +0 dagger of holy wrath
 j - a +1 dagger of venom (weapon)
Armour
 a - a +0 robe (worn)
Scrolls
 d - a scroll of enchant weapon {unknown}
 e - a scroll of torment {unknown}
 i - a scroll of summoning {unknown}
 k - a scroll of immolation {unknown}
 n - a scroll of blinking {unknown}
Potions
 c - a potion of invisibility {unknown}
 f - 2 potions of curing {unknown}
 h - a potion of heal wounds {unknown}
 l - a potion of degeneration {unknown}
 m - 2 potions of haste {unknown}
 o - a potion of might {unknown}


   Skills:
 + Level 3.1 Fighting
 - Level 2.1 Dodging
 - Level 1.5 Stealth
 * Level 4.4 Spellcasting


You couldn't memorise any spells.
You knew the following spells:

 Your Spells              Type           Power      Damage    Failure   Level
a - Shock                 Conj/Air       80%        1d8       2%          1
b - Static Discharge      Conj/Air       20%        N/A       3%          2
c - Swiftness             Air            20%        N/A       7%          3
d - Airstrike             Air            10%        N/A       22%         4
e - Foxfire               Conj/Fire      80%        2x1d8     2%          1
f - Corpse Rot            Necr/Air       N/A        N/A       3%          2
Your spell library was empty.

Dungeon Overview and Level Annotations

Branches:
Dungeon (3/15)

Altars:


Innate Abilities, Weirdness & Mutations

You are immune to sickness and miasma.
You are immune to poison.
Your flesh is very heat resistant. (rF++)
You are vulnerable to cold. (rC-)
You float through the air rather than walking.
You learn spells naturally, not from books.
Your magical power is your life essence.
You have superior vitality. (+4 HP)


Message History

Unknown command.
Unknown command.
Unknown command.
Unknown command.
Unknown command.
Casting: Static Discharge (safe; 3% risk of failure)
Confirm with . or Enter, or press ? or * to list all spells.
The kobold brigand is struck by an arc of lightning.
The kobold brigand is severely wounded.
You are struck by an arc of lightning.
* * * LOW HITPOINT WARNING * * *
The lightning grounds out.
* * * LOW HITPOINT WARNING * * *
The kobold brigand hits you with a +0 short sword.
* * * LOW HITPOINT WARNING * * *
Unknown command.
Unknown command.
Unknown command.
Unknown command.
Unknown command.
Casting: Static Discharge (safe; 3% risk of failure)
Confirm with . or Enter, or press ? or * to list all spells.
You miscast Static Discharge.
You are very lightly contaminated with residual magic.
Nothing appears to happen.
* * * LOW HITPOINT WARNING * * *
The kobold brigand hits you with a +0 short sword.
* * * LOW HITPOINT WARNING * * *
Unknown command.
Unknown command.
Unknown command.
Unknown command.
Unknown command.
Unknown command.
Casting: Static Discharge (safe; 3% risk of failure)
Confirm with . or Enter, or press ? or * to list all spells.
You miscast Static Discharge.
Nothing appears to happen.
* * * LOW HITPOINT WARNING * * *
The kobold brigand hits you with a +0 short sword!
You die...

################################.
...#....# #..............#.
...#....# +...........(..#.
####....#########........))))()##
..#......#..........########)))).
..'......'..........# #.....
..#......#..........########.....
####....#########..............##
...#....#....).K@..............#.
...#.(..#?......#..............#.
#####''#########################.
≈≈≈...(.≈≈≈≈≈≈≈≈≈≈≈≈≈≈≈≈≈≈≈≈≈≈≈##
≈≈≈≈....≈≈≈≈≈≈≈≈≈≈≈≈≈≈≈≈≈≈≈≈≈≈≈≈≈
≈≈≈≈)(...≈≈≈≈≈≈≈≈≈≈≈≈≈≈≈≈≈≈≈≈≈≈≈≈
≈.().(..≈≈≈≈≈.≈..≈.≈≈≈.≈≈≈..≈.≈)≈
...)......)....)÷..........)...).
.................................


You could see a kobold brigand.

Vanquished Creatures
  An orc wizard (D:3)
  11 gnolls (D:3)
  An adder (D:2)
  A worm (D:2)
  4 orcs (D:3)
  6 ball pythons
  8 endoplasms (D:1)
  A giant cockroach (D:1)
  11 hobgoblins
  2 jackals (D:1)
  3 quokkas
  4 bats
  4 frilled lizards
  9 goblins
  37 kobolds
  6 rats
109 creatures vanquished.

Notes
Turn   | Place    | Note
-------+----------+-------------------------------------------
     0 | D:1      | lunkers the Djinni Air Elementalist began the quest for the
                  | Orb.
     0 | D:1      | Reached XP level 1. HP: 15/15 MP: 0/0
   289 | D:1      | Reached XP level 2. HP: 18/22 MP: 0/0
   676 | D:1      | Reached skill level 1 in Fighting
   974 | D:1      | Reached XP level 3. HP: 25/27 MP: 0/0
   974 | D:1      | Learned a level 1 spell: Foxfire
  1016 | D:1      | Reached skill level 3 in Spellcasting
  1709 | D:2      | Reached XP level 4. HP: 32/32 MP: 0/0
  2801 | D:3      | Reached XP level 5. HP: 34/38 MP: 0/0
  2801 | D:3      | Learned a level 2 spell: Corpse Rot
  3431 | D:3      | Reached skill level 4 in Spellcasting
  3724 | D:3      | Reached XP level 6. HP: 41/45 MP: 0/0
  4193 | D:3      | Slain by a kobold brigand

Illustrated notes

Levels and vault maps discovered:
D:1:      amcnicky_arrival_single_pillar, layout_loops_ring
D:2:      layout_basic
D:3:      minmay_goblin_kobold_castle, layout_basic

Skill      XL: |  1  2  3  4  5  6 |
---------------+-------------------+-----
Fighting       | 1 2 3 |  3.1
Spellcasting   | 3 4 |  4.4
Dodging        | |  2.1
Stealth        | |  1.5

Action                   |  1- 3 |  4- 6 || total
-------------------------+-------+-------++-------
 Cast: Shock             |    55 |   136 ||   191
       Static Discharge  |     5 |     7 ||    12
Dodge: Dodged            |     4 |    21 ||    25

Table legend: (Time is in decaauts)
 A = Elapsed time spent in this place.
 B = Non-inter-level travel time spent in this place.
 C = Inter-level travel time spent in this place.
 D = Time resting spent in this place.
 E = Time spent auto-exploring this place.
 F = Levels seen in this place.
 G = Mean time per level.
                   A        B        C        D        E       F      G
               +--------+--------+--------+--------+--------+-----+--------+
         Total |   4191 |   4094 |     97 |    245 |   3412 |   3 | 1397.0 |
       Dungeon |   4191 |   4094 |     97 |    245 |   3412 |   3 | 1397.0 |
               +--------+--------+--------+--------+--------+-----+--------+

Top non-repeatable levels by time:
     D:3: 1639 daAuts
     D:1: 1493 daAuts
     D:2: 1057 daAuts
